Map: Heavy Artillery LE

Players

Massa

  • Race: Terran Terran
  • League: Gold
  • Spawn Location: 3:00

qqq

  • Race: Zerg Zerg
  • Spawn Location: 1:00

Hornet - Winner!

  • Race: Terran Terran
  • Spawn Location: 7:00

MrDezgus - Winner!

  • Race: Protoss Protoss
  • League: Diamond
  • Spawn Location: 7:00

VOD

Have the link to the VOD?

Description

Time

  • Played on: June 30, 2020, 3:38 p.m.
  • Length: 20:18
Show
View Real Time Build Order
Export as new Build Order

Massa Terran 

Build Orders:  

Get SALT Encoding   

  12  0:10  SCV  
  13  0:22  SCV, Supply Depot  
  14  0:34  SCV  
  15  0:45  Refinery  
  15  0:48  Barracks  
  15  0:49  SCV  
  16  1:01  SCV  
  16  1:22  SCV  
  17  1:34  SCV  
  17  1:39  Refinery  
  18  1:44  Supply Depot  
  18  1:46  SCV  
  19  1:58  SCV  
  20  2:06  Marine  
  20  2:07  Supply Depot  
  21  2:10  Factory  
  21  2:13  SCV  
  22  2:24  Marine  
  22  2:26  SCV  
  24  2:32  Supply Depot  
  24  2:39  Orbital Command  
  24  2:53  Factory Tech Lab  
  24  2:55  Supply Depot  
  24  2:58  Reaper  
  25  3:05  Command Center  
  25  3:09  SCV  
  26  3:17  Siege Tank  
  29  3:22  SCV  
  30  3:31  Barracks Tech Lab  
  30  3:46  SCV  
  31  3:53  Marauder  
  33  3:58  SCV  
  34  4:15  Marauder  
  35  4:18  Siege Tank  
  35  4:20  SCV x2  
  40  4:26  Barracks  
  40  4:29  Barracks  
  40  4:32  SCV  
  40  4:33  SCV  
  40  4:36  Marauder  
  44  4:39  Engineering Bay  
  44  4:43  Concussive Shells  
  44  4:44  SCV  
  46  4:49  Orbital Command  
  45  4:57  Marauder  
  47  5:06  Terran Infantry Weapons Level 1  
  47  5:11  Missile Turret  
  47  5:14  Barracks Tech Lab  
  47  5:16  SCV x2  
  47  5:20  Barracks Tech Lab  
  49  5:22  Siege Tank  
  49  5:28  SCV x2, Stimpack  
  52  5:31  Missile Turret  
  54  5:39  Refinery  
  54  5:40  SCV x2  
  56  5:50  Combat Shield  
  56  5:52  SCV  
  56  5:53  Missile Turret  
  57  5:58  Missile Turret  
  57  6:04  Missile Turret  
  57  6:13  Marauder x3  
  63  6:24  Barracks  
  63  6:33  Starport  
  63  6:34  Marauder x2  
  69  6:43  SCV  
  70  6:52  Supply Depot  
  70  6:53  Supply Depot  
  70  6:54  Supply Depot  
  70  6:55  SCV x2  
  70  6:59  Marine  
  70  7:00  Marine x2  
  70  7:07  SCV  
  66  7:12  Supply Depot  
  66  7:13  Missile Turret x2, Supply Depot  
  66  7:14  Missile Turret x2  
  64  7:17  Marine  
  64  7:18  Marine x2  
  62  7:35  Marine  
  62  7:36  Marine x2, Supply Depot  
  64  7:39  Missile Turret  
  64  7:40  Missile Turret  
  64  7:43  SCV  
  51  7:52  Marine  
  51  7:53  Marine  
  51  7:54  Marine  
  51  7:55  SCV  
  51  7:56  Marine  
  52  8:01  Missile Turret  
  46  8:10  Marine  
  46  8:11  Marine  
  46  8:12  Marine  
  48  8:14  Marine  
  49  8:28  Marine  
  49  8:29  Marine x2  
  51  8:34  SCV  
  52  8:45  Command Center  
  52  8:46  SCV  
  53  8:53  Missile Turret  
  53  8:54  Marauder x2  
  53  8:55  Marine  
  51  9:12  Missile Turret  
  43  9:32  Missile Turret  
  32  9:52  Missile Turret  
  27  9:59  Marine x2  
  23  10:00  Marine x2  
  26  10:11  SCV  
  26  10:12  Missile Turret  
  27  10:17  Marine x4, Missile Turret  
  30  10:27  Missile Turret  
  30  10:33  Missile Turret  
  30  10:35  Marine x4  
  34  10:48  Siege Tank  
  37  10:52  Marine  
  37  10:54  Marauder x3  
  37  10:55  Orbital Command  
  37  10:56  SCV  
  45  11:08  SCV  
  45  11:10  Marine  
  45  11:11  Terran Infantry Armor Level 1  
  47  11:15  Marauder x3  
  53  11:20  SCV, Siege Tank  
  57  11:28  Starport, Marine  
  58  11:36  Marauder  
  60  11:49  Marauder x2, Marine  
  65  11:58  Marauder  
  65  12:00  Armory  
  67  12:07  Marine  
  68  12:10  Marauder x2  
  65  12:19  Marauder  
  58  12:25  Marine  
  50  12:31  Marine x2  
  50  12:35  Command Center  
  52  12:40  Marine  
  52  12:43  Marine  
  54  12:49  Marine x2  
  52  12:58  Marine  
  48  13:01  Marine  
  40  13:07  Marauder x2  
  44  13:14  SCV x2  
  44  13:16  Marauder  
  44  13:18  Marine  
  49  13:25  Missile Turret  
  49  13:26  SCV x2, Missile Turret  
  51  13:29  Marauder x2  
  55  13:36  Marine  
  55  13:37  Marauder, Terran Vehicle Weapons Level 1  
  58  13:43  SCV x2  
  60  13:48  SCV  
  60  13:50  Marauder  
  60  13:54  Missile Turret  
  63  13:55  SCV  
  63  13:56  SCV  
  63  14:00  SCV  
  66  14:04  Refinery  
  66  14:07  SCV  
  66  14:08  SCV  
  68  14:13  Medivac  
  68  14:14  Missile Turret  
  70  14:18  SCV  
  70  14:20  SCV x2  
  73  14:30  SCV  
  73  14:31  Command Center  
  74  14:32  SCV  
  74  14:34  Missile Turret  
  74  14:37  Marauder x3  
  81  14:38  Marine, Missile Turret  
  81  14:44  Medivac  
  84  14:55  Missile Turret  
  84  14:56  Marine  
  84  14:58  Refinery, Marauder, Marine  
  84  14:59  Missile Turret  
  88  15:11  Orbital Command  
  88  15:14  SCV x2  
  88  15:19  Missile Turret  
  90  15:26  SCV  
  90  15:27  SCV  
  92  15:39  SCV x2, Terran Infantry Weapons Level 2  
  92  15:40  Missile Turret  
  92  15:41  Terran Vehicle Weapons Level 2  
  94  15:49  Orbital Command  
  94  15:51  SCV x2  
  96  16:02  Missile Turret  
  96  16:03  SCV x2  
  98  16:05  Marauder x3  
  98  16:06  Marine  
  99  16:23  Missile Turret  
  99  16:24  Marine  
  93  16:27  Marauder x3  
  79  16:41  Marine  
  71  16:48  Marauder  
  73  16:54  Thor  
  73  16:59  Factory  
  79  17:11  Barracks x2  
  77  17:21  Refinery  
  75  17:23  Refinery  
  72  17:50  Marauder  
  59  17:51  Marine  
  59  17:57  Terran Vehicle And Ship Armor Level 1  
  58  18:02  Barracks  
  58  18:03  Barracks x5  
  43  18:20  Liberator  
  45  18:29  Barracks x3  
  45  18:30  Barracks  
  45  18:31  Barracks  
  45  18:32  Barracks x2  
  45  18:33  Barracks  
  45  18:54  Marine  
  45  18:55  Marine x4  
  51  19:11  Supply Depot  
  51  19:12  Marine x2  
  51  19:13  Supply Depot  
  51  19:14  Supply Depot  
  51  19:15  Supply Depot  
  51  19:16  Supply Depot  
  53  19:22  Liberator  
  53  19:30  Marine  
  53  19:37  Supply Depot x3  
  52  19:39  Marine x7, Supply Depot  
  52  19:40  Supply Depot  
  54  19:48  Marine  
  55  19:56  Marine  
  55  19:57  Marine x6  
  60  20:02  Supply Depot  
Show
View Real Time Build Order
Export as new Build Order

qqq Zerg 

Build Orders: Hatch First 

Get SALT Encoding   

  12  0:02  Drone  
  13  0:31  Hatchery  
  12  0:38  Drone  
  12  0:40  Drone  
  14  0:46  Overlord  
  14  1:04  Spawning Pool  
  14  1:07  Extractor  
  12  1:13  Drone  
  12  1:14  Drone  
  14  1:25  Drone  
  15  1:26  Drone  
  16  1:35  Drone  
  17  1:47  Drone  
  18  1:49  Drone  
  18  1:53  Queen  
  21  2:02  Queen  
  23  2:09  Drone x2  
  25  2:17  Zergling x4  
  25  2:20  Drone  
  28  2:25  Metabolic Boost  
  28  2:31  Overlord  
  28  2:46  Overlord  
  28  2:53  Drone x2  
  28  2:54  Drone  
  31  2:58  Zergling x2  
  31  2:59  Zergling x2  
  33  3:11  Drone, Zergling x2  
  33  3:12  Roach Warren, Zergling x4  
  36  3:13  Drone  
  36  3:17  Drone x2  
  40  3:20  Drone  
  40  3:26  Drone  
  42  3:34  Drone  
  42  3:37  Drone  
  42  3:38  Overlord  
  43  3:42  Zergling x2  
  44  3:54  Hatchery  
  43  3:59  Roach  
  43  4:00  Roach  
  43  4:01  Roach x2  
  51  4:06  Extractor  
  51  4:09  Drone x2  
  52  4:10  Overlord  
  52  4:11  Overlord  
  52  4:29  Drone, Spore Crawler  
  52  4:30  Zergling x4  
  54  4:31  Drone  
  54  4:33  Drone, Roach  
  58  4:50  Roach x3  
  58  4:51  Drone  
  58  4:52  Roach  
  66  5:07  Roach x3  
  66  5:08  Overlord  
  66  5:09  Overlord x3  
  66  5:12  Drone  
  66  5:13  Lair  
  73  5:19  Evolution Chamber  
  73  5:20  Drone  
  73  5:24  Overlord  
  73  5:28  Extractor, Drone x3  
  74  5:30  Roach  
  74  5:31  Drone x2  
  79  5:37  Ravager x3  
  79  5:41  Roach  
  79  5:42  Drone  
  85  5:43  Drone  
  87  5:50  Drone  
  87  6:04  Drone x2  
  89  6:07  Drone  
  89  6:10  Spore Crawler  
  89  6:14  Spore Crawler  
  89  6:15  Drone  
  89  6:16  Roach  
  89  6:17  Roach x3  
  89  6:18  Glial Reconstitution  
  97  6:22  Zerg Melee Weapons Level 1  
  97  6:26  Drone  
  98  6:34  Roach x2  
  98  6:35  Drone  
  103  6:41  Roach x2  
  103  6:42  Roach  
  103  6:45  Hatchery  
  108  6:47  Extractor, Drone  
  108  6:48  Drone x2  
  108  6:50  Roach  
  112  7:04  Hatchery  
  112  7:08  Spire  
  110  7:13  Spore Crawler  
  110  7:14  Spore Crawler  
  110  7:15  Spore Crawler  
  107  7:29  Spore Crawler  
  106  7:31  Spore Crawler  
  106  7:32  Spore Crawler  
  104  7:38  Spore Crawler x4  
  104  7:39  Spore Crawler  
  74  7:58  Roach x4  
  64  7:59  Roach x8  
  64  8:00  Roach x3  
  85  8:09  Drone  
  85  8:10  Drone x4  
  90  8:20  Corruptor  
  90  8:21  Corruptor  
  90  8:26  Drone  
  90  8:27  Drone  
  96  8:28  Drone  
  95  8:52  Zergling x6, Roach x3  
  95  8:53  Drone x3  
  95  8:54  Drone x5  
  96  9:13  Roach x2  
  92  9:18  Corruptor  
  92  9:19  Corruptor x2  
  92  9:20  Corruptor  
  92  9:21  Drone x2, Zergling x2  
  92  9:22  Drone x2  
  93  9:39  Drone x2  
  93  9:40  Drone x3  
  93  9:42  Extractor, Spore Crawler  
  93  9:43  Spore Crawler  
  93  9:45  Extractor, Spore Crawler  
  87  9:46  Spore Crawler x2  
  87  9:47  Spore Crawler  
  87  9:48  Spore Crawler  
  87  9:49  Spore Crawler, Roach x3  
  86  9:54  Corruptor  
  86  9:56  Drone  
  86  9:57  Drone  
  90  10:06  Zerg Flyer Armor Level 1  
  90  10:08  Roach x3  
  90  10:10  Drone  
  96  10:23  Corruptor  
  96  10:25  Drone x3  
  96  10:26  Drone x3  
  102  10:37  Roach x5  
  102  10:38  Drone x3  
  102  10:39  Drone  
  114  10:55  Roach x3  
  114  10:56  Drone x5  
  125  10:58  Spine Crawler  
  125  11:01  Spine Crawler  
  125  11:02  Drone  
  124  11:11  Drone  
  124  11:12  Overlord x2  
  124  11:13  Overlord  
  125  11:24  Infestation Pit, Overlord x2  
  124  11:39  Mutalisk  
  124  11:40  Mutalisk x2  
  124  11:42  Drone x2  
  124  11:43  Drone x5  
  124  11:44  Roach x2  
  141  11:59  Drone x3  
  141  12:00  Zerg Flyer Weapons Level 1  
  144  12:08  Drone  
  144  12:09  Drone x2, Roach  
  144  12:10  Roach x5  
  156  12:23  Hatchery x2  
  156  12:24  Hatchery  
  147  12:50  Corruptor x5  
  147  12:51  Corruptor  
  129  12:52  Drone x5  
  129  12:53  Drone x4  
  120  13:14  Hatchery  
  120  13:15  Drone  
  120  13:16  Drone x5, Hatchery, Corruptor  
  120  13:17  Corruptor  
  120  13:18  Hatchery, Roach x2  
  131  13:20  Hive  
  131  13:21  Zerg Melee Weapons Level 2  
  131  13:27  Evolution Chamber  
  131  13:30  Roach  
  131  13:31  Drone x3  
  135  13:39  Drone  
  135  13:40  Drone x4  
  140  13:46  Extractor  
  140  13:47  Extractor  
  138  13:53  Zerg Flyer Armor Level 2  
  138  13:59  Roach  
  138  14:00  Corruptor x2, Roach x6  
  138  14:01  Corruptor x2  
  138  14:02  Corruptor x2  
  162  14:03  Drone x2  
  162  14:04  Drone x4  
  162  14:07  Extractor x2  
  162  14:09  Spine Crawler  
  167  14:12  Spine Crawler  
  167  14:14  Drone x3  
  169  14:17  Roach  
  169  14:18  Corruptor x2, Roach x2  
  169  14:22  Drone x3  
  182  14:24  Spore Crawler  
  182  14:25  Spine Crawler  
  182  14:28  Spine Crawler, Spore Crawler x2  
  182  14:31  Spine Crawler, Spore Crawler  
  175  14:36  Spore Crawler  
  175  14:38  Drone x3, Spine Crawler, Spore Crawler, Corruptor x2  
  175  14:39  Corruptor  
  175  14:40  Roach x3  
  175  14:41  Roach x4  
  195  14:47  Drone  
  195  14:49  Ultralisk Cavern  
  195  14:54  Zerg Ground Armor Level 1  
  195  15:14  Ravager x3  
  195  15:15  Ravager x2  
  200  15:26  Spore Crawler  
  199  15:29  Drone  
  199  15:30  Spine Crawler  
  199  15:31  Drone  
  198  15:37  Zerg Missile Weapons Level 1  
  196  16:03  Drone x3  
  199  16:12  Anabolic Synthesis  
  126  16:44  Roach x6  
  126  16:45  Roach x7  
  126  16:46  Roach x7  
  162  16:47  Ultralisk x4  
  164  16:54  Adrenal Glands  
  164  16:55  Chitinous Plating  
  164  16:56  Zergling x12  
  164  16:57  Drone x3  
  164  16:58  Drone x5  
  164  17:01  Corruptor  
  178  17:05  Greater Spire  
  178  17:13  Drone x4  
  182  17:18  Spine Crawler  
  182  17:20  Spine Crawler  
  182  17:21  Spore Crawler  
  151  17:43  Corruptor x6  
  151  17:44  Corruptor x6  
  127  17:46  Drone x6  
  127  17:47  Drone x2  
  127  17:48  Extractor  
  127  17:49  Extractor  
  146  17:52  Extractor  
  146  17:53  Extractor  
  144  18:01  Spine Crawler  
  144  18:02  Spine Crawler x2  
  144  18:03  Spine Crawler  
  128  18:19  Brood Lord x3  
  133  18:32  Drone x7  
  133  18:33  Drone x2  
  129  18:39  Brood Lord x2  
  129  18:40  Zergling x2  
  129  18:41  Zergling x10  
  112  19:08  Zergling x4  
  112  19:09  Zergling x4  
  105  19:10  Drone x6  
  105  19:14  Zergling x2  
  105  19:15  Ultralisk Cavern, Zergling x4  
  103  19:24  Overlord x2  
  103  19:25  Overlord  
  94  19:43  Overlord x3  
  94  19:44  Overlord x3  
Show
View Real Time Build Order
Export as new Build Order

Hornet Terran - Winner!

Build Orders:  

Get SALT Encoding   

  12  0:11  Supply Depot  
  12  0:18  Refinery  
  12  0:21  SCV  
  13  0:37  Barracks  
  13  0:44  SCV  
  14  0:50  Refinery  
  14  0:56  SCV  
  15  1:13  SCV  
  15  1:26  SCV  
  16  1:38  SCV  
  17  1:43  Factory  
  17  1:48  Barracks Tech Lab  
  17  1:50  SCV  
  18  2:02  SCV  
  19  2:14  SCV  
  20  2:26  SCV, Supply Depot  
  21  2:38  SCV  
  21  2:40  Starport  
  21  2:41  Barracks Reactor  
  22  2:50  SCV  
  23  2:51  Supply Depot  
  23  3:00  Siege Tank  
  23  3:02  SCV  
  27  3:14  SCV  
  27  3:15  Supply Depot  
  27  3:19  Starport Tech Lab  
  28  3:23  Fusion Core  
  28  3:55  Supply Depot  
  27  4:15  SCV  
  27  4:16  Weapon Refit  
  28  4:30  Battlecruiser  
  34  4:39  Command Center  
  34  4:45  Widow Mine  
  36  4:53  Supply Depot  
  36  5:05  Orbital Command  
  36  5:34  Battlecruiser  
  42  6:08  SCV, Bunker  
  43  6:14  Factory  
  43  6:24  Starport  
  43  6:34  SCV  
  43  6:39  Refinery  
  44  6:46  SCV  
  45  6:58  SCV  
  46  7:10  SCV  
  47  7:22  SCV  
  48  7:43  Battlecruiser  
  54  8:20  Starport Tech Lab  
  47  8:46  Battlecruiser  
  47  8:47  Battlecruiser  
  53  10:34  Battlecruiser x2  
  59  10:40  SCV  
  54  10:52  SCV  
  55  11:01  Factory  
  55  11:04  SCV  
  56  11:12  Refinery  
  56  11:16  SCV  
  57  11:25  Command Center, Siege Tank  
  60  11:28  SCV  
  61  11:40  SCV  
  61  11:43  Armory  
  61  11:46  Factory  
  62  11:47  Factory Tech Lab  
  62  11:52  SCV  
  63  11:57  Siege Tank  
  66  12:04  SCV  
  67  12:16  SCV  
  68  12:28  SCV  
  68  12:29  Factory Tech Lab  
  69  12:32  Thor  
  69  12:37  Thor  
  75  13:16  SCV  
  76  13:27  Thor  
  76  13:28  SCV  
  76  13:30  Hellbat x2  
  87  13:40  SCV  
  88  13:43  Orbital Command  
  88  13:48  Terran Ship Weapons Level 1  
  88  13:52  Hellbat x2  
  88  13:53  SCV  
  88  13:55  Armory  
  93  14:19  Refinery  
  93  14:31  Supply Depot  
  93  14:44  Armory  
  93  14:53  SCV, Hellbat x3  
  93  14:55  Supply Depot  
  100  15:05  SCV  
  101  15:17  SCV, Hellbat x3  
  101  15:19  Supply Depot  
  101  15:20  Refinery  
  108  15:29  SCV  
  109  15:41  Hellbat, Battlecruiser  
  117  15:45  Supply Depot  
  117  16:07  SCV, Supply Depot, Hellbat x3  
  124  16:16  Battlecruiser  
  72  16:28  Siege Tank x3  
  72  16:29  Supply Depot  
  73  16:45  Battlecruiser  
  70  17:00  Hellbat x2, Siege Tank  
  77  17:05  Command Center  
  77  17:21  Thor, Battlecruiser  
  77  17:22  Hellbat  
  91  17:33  Hellbat  
  93  17:43  Hellbat  
  95  17:49  Battlecruiser  
  101  17:54  Hellbat  
  103  18:05  Hellbat x2  
  107  18:15  Hellbat  
  109  18:25  Battlecruiser  
  109  18:26  Hellbat x2  
  119  18:37  Hellbat  
  121  18:47  Hellbat  
Show
View Real Time Build Order
Export as new Build Order

MrDezgus Protoss - Winner!

Build Orders: 1 Gate Expand, Chargelot Immortal 

Get SALT Encoding   

  12  0:00  Probe  
  13  0:12  Probe  
  14  0:17  Pylon  
  14  0:25  Probe  
  15  0:33  Probe  
  15  0:36  Gateway  
  15  0:42  Probe  
  16  0:43  Assimilator  
  17  0:53  Probe  
  18  1:05  Probe  
  19  1:21  Probe  
  19  1:23  Cybernetics Core  
  20  1:35  Nexus  
  20  1:43  Pylon  
  20  1:46  Probe  
  21  1:51  Assimilator, Stalker  
  23  2:03  Warp Gate  
  23  2:07  Probe  
  24  2:19  Probe  
  24  2:20  Stalker  
  27  2:33  Probe  
  28  2:44  Gateway  
  28  2:46  Pylon  
  28  2:50  Probe, Stalker  
  31  2:51  Probe  
  32  3:02  Probe  
  33  3:07  Probe  
  33  3:11  Probe  
  34  3:14  Gateway  
  34  3:15  Probe  
  36  3:20  Probe  
  36  3:22  Stalker  
  36  3:24  Probe  
  39  3:34  Robotics Facility  
  40  3:37  Probe  
  40  3:38  Probe  
  42  3:49  Probe  
  42  3:51  Stalker  
  42  3:53  Probe  
  46  4:02  Probe  
  47  4:05  Twilight Council  
  47  4:07  Forge  
  47  4:14  Probe  
  48  4:19  Charge, Zealot, Stalker  
  48  4:20  Protoss Ground Weapons Level 1  
  48  4:21  Assimilator  
  48  4:23  Observer  
  53  4:25  Assimilator  
  53  4:30  Pylon  
  53  4:31  Pylon  
  53  4:32  Pylon  
  53  4:44  Probe  
  54  4:49  Probe  
  59  4:52  Immortal  
  59  4:56  Probe  
  59  4:57  Stalker  
  62  5:08  Adept x2  
  62  5:12  Probe x2  
  68  5:22  Stalker  
  68  5:24  Probe  
  68  5:25  Probe  
  72  5:32  Immortal  
  76  5:42  Probe x2  
  78  5:54  Pylon  
  78  5:56  Pylon  
  78  5:58  Pylon  
  78  6:05  Gateway  
  78  6:07  Immortal  
  78  6:08  Gateway  
  78  6:10  Blink, Protoss Ground Armor Level 1  
  78  6:13  Stalker  
  78  6:14  Zealot, Stalker  
  88  6:24  Probe  
  89  6:30  Pylon  
  89  6:38  Zealot x3  
  95  6:40  Warp Prism  
  97  7:00  Zealot x4  
  105  7:03  Probe x2  
  107  7:10  Pylon  
  107  7:13  Pylon  
  107  7:15  Pylon  
  107  7:28  Immortal  
  111  7:37  Pylon  
  111  7:39  Zealot x5  
  111  7:40  Pylon  
  73  7:58  Immortal  
  73  8:03  Zealot x3  
  73  8:04  Zealot x2  
  71  8:26  Sentry x2  
  75  8:31  Templar Archives  
  75  8:33  Immortal  
  74  8:35  Stalker x2  
  80  8:49  Stalker  
  80  8:50  Stalker x2  
  80  8:52  Probe  
  80  8:53  Probe  
  78  9:04  Immortal  
  78  9:05  Probe  
  71  9:10  Stalker x2  
  71  9:15  Stalker  
  71  9:16  Stalker x2  
  67  9:30  Probe  
  62  9:40  Zealot x2  
  62  9:41  Zealot x2, Immortal  
  72  10:09  High Templar x2  
  76  10:16  Nexus  
  76  10:19  Pylon  
  76  10:21  Archon  
  76  10:32  High Templar x2  
  76  10:35  Nexus  
  80  10:37  Probe  
  80  10:40  Protoss Ground Weapons Level 2, Pylon  
  81  10:46  Archon  
  81  10:47  High Templar x2, Stalker  
  87  10:51  Archon  
  87  11:04  Probe x2  
  89  11:21  Zealot x5  
  99  11:38  Observer  
  100  11:40  Probe  
  100  11:41  Probe x2, Assimilator  
  100  11:43  Assimilator  
  103  11:51  High Templar x2  
  103  11:52  Probe, High Templar x2  
  103  11:53  Zealot  
  114  11:55  Archon  
  114  12:07  Forge  
  114  12:09  Assimilator  
  114  12:12  Archon  
  114  12:13  Assimilator  
  106  12:24  Stalker x4  
  100  12:31  Immortal  
  100  12:48  Forge  
  78  13:01  High Templar x2  
  78  13:03  High Templar x2, Stalker  
  84  13:06  Protoss Ground Weapons Level 3  
  84  13:07  Protoss Ground Armor Level 2  
  84  13:15  Robotics Facility  
  84  13:16  Robotics Facility  
  84  13:19  Gateway  
  84  13:20  Probe  
  84  13:22  Gateway  
  84  13:26  Gateway  
  85  13:32  Gateway  
  85  13:34  Gateway, Archon  
  85  13:35  Archon  
  85  13:36  Probe x4  
  89  13:47  Immortal  
  89  13:49  High Templar x2  
  89  13:50  Zealot x2, Stalker  
  89  13:51  Protoss Shields Level 1  
  99  13:56  Immortal x2  
  99  13:57  Archon  
  111  14:13  Zealot  
  111  14:14  Zealot x2  
  117  14:18  Immortal  
  117  14:28  Stalker x2  
  125  14:32  Zealot x2, Immortal x2  
  125  14:33  Zealot x2  
  125  14:35  Probe  
  125  14:36  Probe x2  
  144  14:54  High Templar x2  
  144  14:55  Stalker x2  
  144  14:58  Archon  
  152  15:01  Nexus  
  152  15:02  Immortal  
  152  15:05  High Templar x2  
  160  15:09  Archon  
  160  15:14  Pylon  
  160  15:16  Pylon  
  160  15:35  Stalker x2  
  160  15:36  Stalker x6  
  176  16:00  Stalker x5  
  176  16:01  Stalker x2  
  180  16:38  Stalker x7  
  180  16:39  Stalker x3  
  198  17:04  Warp Prism  
  182  17:37  Immortal x2  
  182  17:39  Warp Prism  
  188  17:49  Assimilator  
  188  17:50  Assimilator  
  184  18:03  Stalker x8  
  200  18:15  High Templar  
  192  19:33  High Templar  
  192  19:34  High Templar x3  
  192  19:35  High Templar  
  192  19:38  Archon x2  
  200  19:43  Gateway  
  200  19:45  Gateway  
  200  19:47  Gateway  
  200  19:48  Gateway  
Tags
 
Add a new tag
Caveats
  • Supply blocks, unpowered buildings, or Contaminate may cause inaccurate times.
  • Supply counts are checked every 10 seconds.